 Dungeon Crawl Stone Soup version 0.29-a0-521-g59ce8b2d47 (webtiles) character file.

Game seed: 8083034279102227810

89 Flugkiller the Ducker (level 4, 0/31 HPs)
             Began as an Octopode Cinder Acolyte on June 1, 2022.
             Was a High Priest of Ignis.
             Slain by Ijyb
             ... wielding a +0 club
              (3 damage)
             ... while paralysed by Ijyb
             ... on level 3 of the Dungeon.
             The game lasted 00:03:24 (1986 turns).

Flugkiller the Ducker (Octopode Cinder Acolyte)     Turns: 1986, Time: 00:03:24

Health: 0/31       AC:  8    Str: 13    XL:     4   Next: 55%
Magic:  5/5        EV:  2    Int: 16    God:    Ignis [*****.]
Gold:   117        SH:  0    Dex:  9    Spells: 3/5 levels left

rFire   + . .      SeeInvis .   a - -1 spear (flame)
rCold   . . .      Faith    .   (no shield)
rNeg    . . .      Spirit   .   (helmet restricted)
rPois   .          Reflect  .   (no amulet)
rElec   .          Harm     .   (no ring)
rCorr   .          Rampage  .   (no ring)
Will    .....                   (no ring)
Stlth   +++.......              (no ring)
HPRegen 0.10/turn               (no ring)
MPRegen 0.09/turn               (no ring)
                                (no ring)
                                (no ring)

@: paralysed, fiery-armoured
A: almost no armour, amphibious, 8 rings, camouflage 1, gelatinous body 1,
(nimble swimmer 1), tentacles, deterioration 1
a: Renounce Religion, Fiery Armour, Foxfire Swarm, Rising Flame


You were on level 3 of the Dungeon.
You worshipped Ignis.
Ignis was extremely pleased with you.
You visited 1 branch of the dungeon, and saw 3 of its levels.

You collected 117 gold pieces.

Inventory:

Hand Weapons
 a - a -1 spear of flaming (weapon)
 i - a +2 hand axe of freezing
   (You took it off an orc on level 2 of the Dungeon)
Jewellery
 f - a ring of wizardry
   (You found it on level 1 of the Dungeon)
Scrolls
 b - 3 scrolls of identify {unknown}
 d - 3 scrolls of fog {unknown}
 g - a scroll of torment {unknown}
 j - 2 scrolls of teleportation {unknown}
 l - a scroll of blinking {unknown}
Potions
 c - a potion of mutation
 e - a potion of lignification {unknown}
 h - a potion of might {unknown}
 k - a potion of berserk rage {unknown}


   Skills:
 - Level 3.0 Fighting
 - Level 3.0 Polearms
 + Level 3.7 Dodging
 - Level 2.0 Stealth
 - Level 1.0 Spellcasting
 - Level 3.0 Fire Magic


You had 3 spell levels left.
You knew the following spells:

 Your Spells              Type           Power      Damage    Failure   Level
a - Scorch                Fire           20%        2d6       10%         2

Your spell library contained the following spells:

 Spells                   Type           Power      Damage    Failure   Level
 Sandblast                Erth           0%         2d4       22%         1
 Passwall                 Tmut/Erth      0%         N/A       34%         2
 Stone Arrow              Conj/Erth      0%         3d7       56%         3


Dungeon Overview and Level Annotations

Branches:
Dungeon (2/15)

Altars:

Annotations:
D:3 Ijyb


Innate Abilities, Weirdness & Mutations

You cannot wear most types of armour.
You are amphibious.
You can wear up to eight rings at the same time.
Your skin changes colour to match your surroundings (Stealth+).
Your rubbery body absorbs attacks. (AC +1, EV +1)
((You are camouflaged when in or above water. (Stealth+)))
You have tentacles for arms and can constrict up to eight enemies at once.
Your body sometimes deteriorates upon taking damage.


Message History

The worm is no longer more vulnerable to fire.
You hit the worm. You burn the worm.
You kill the worm!
You start resting.
Magic restored.
You start resting.
HP restored.
You see here a worm corpse.
A rat comes into view.
A rat is nearby!
A rat is nearby!
You reach to attack!
You hit the rat. You burn the rat.
You kill the rat!
No target in view!
You see here a rat corpse.
A goblin comes into view. It is wielding a +0 club.
A goblin is nearby!
A goblin is nearby!
A kobold comes into view. It is wielding a +0 whip.
The goblin shouts!
The kobold shouts!
You hit the goblin. You burn the goblin. Your grab misses the goblin.
The goblin is heavily wounded.
The goblin completely misses you.
You hit the goblin. You burn the goblin.
You kill the goblin!
You hit the kobold. You burn the kobold.
You kill the kobold!
A rat comes into view.
Things that are here:
a +0 whip; a +0 club You closely miss the rat.
Your grab misses the rat. Your squeeze misses the rat. The rat bites you.
A rat is nearby!
You barely miss the rat. Your grab misses the rat. The rat bites you.
You hit the rat. You burn the rat.
You kill the rat!
No target in view!
j - 2 scrolls labelled UNOEFOZOSU (gained 1)
Found a stone staircase leading up.
A sourceless malevolence fills the Dungeon...
You fall into a shaft and drop 1 floor!
The shaft crumbles and collapses.
Found a scroll labelled FANAUN IHUCI and 15 stones. 2 orcs come into view.
Found 13 stones.
b - 3 scrolls labelled FANAUN IHUCI (gained 1)
Found a bubbling brown potion.
A giant cockroach comes into view.
Found a sedimented yellow potion.
A ball python comes into view.
Found 9 gold pieces.
A hobgoblin comes into view.
You reach to attack!
The helpless hobgoblin fails to defend itself.
You hit the hobgoblin. You burn the hobgoblin.
The hobgoblin is heavily wounded.
You closely miss the hobgoblin. You grab the hobgoblin.
The hobgoblin is heavily wounded.
You constrict the hobgoblin. You hit the hobgoblin. You burn the hobgoblin.
You kill the hobgoblin!
You see here a hobgoblin corpse.
Ijyb the Twisted Goblin comes into view.
She is wielding a +0 club and carrying a wand of paralysis (4).
The helpless Ijyb fails to defend herself.
You hit Ijyb but do no damage. Your grab misses Ijyb.
Ijyb hits you with a +0 club.
You hit Ijyb. You burn Ijyb. Your grab misses Ijyb.
Ijyb is lightly wounded.
Ijyb barely misses you.
You hit Ijyb. You burn Ijyb. You grab Ijyb.
Ijyb is lightly wounded.
You constrict Ijyb, but do no damage. Ijyb hits you with a +0 club.
You hit Ijyb but do no damage.
Ijyb is lightly wounded.
You constrict Ijyb, but do no damage. Ijyb hits you with a +0 club.
You hit Ijyb but do no damage. You squeeze Ijyb!
Ijyb is heavily wounded.
You constrict Ijyb. Ijyb screams, "Me kill you!"
Ijyb zaps a wand.
You suddenly lose the ability to move!
You lose your grip on Ijyb.
Ijyb hits you with a +0 club. x3
* * * LOW HITPOINT WARNING * * *
Ijyb hits you with a +0 club.
* * * LOW HITPOINT WARNING * * *
You can move again.
It was a potion of mutation.
You feel extremely strange.
You feel yourself wasting away. Ijyb hits you with a +0 club.
* * * LOW HITPOINT WARNING * * *
Unknown command.
Okay, then.
A protective cloak of flame settles atop you.
Ijyb zaps a wand.
You suddenly lose the ability to move!
Ijyb hits you but does no damage. Ijyb is burned by your cloak of flames.
Ijyb is heavily wounded.
Ijyb screams, "Me kill you!" Ijyb hits you with a +0 club.
You die...

######.#
#..# .##
.......#
##.####..#.
########
#.........
#.........
#.........
#.†.......
#.#######.
#..###
##.@.#
###g......
###.... ...
.


You could see Ijyb.

Vanquished Creatures
  A gnoll (D:1)
  An adder (D:2)
  2 worms (D:2)
  5 orcs (D:2)
  6 ball pythons
  7 endoplasms (D:1)
  A giant cockroach (D:2)
  9 hobgoblins
  2 jackals (D:1)
  6 kobolds
  2 quokkas
  3 bats
  3 frilled lizards
  5 goblins
  4 rats
57 creatures vanquished.

Notes
Turn   | Place    | Note
-------+----------+-------------------------------------------
     0 | D:1      | Flugkiller the Octopode Cinder Acolyte began the quest for
                  | the Orb.
     0 | D:1      | Reached XP level 1. HP: 16/16 MP: 2/2
    23 | D:1      | Reached skill level 1 in Stealth
   204 | D:1      | Reached XP level 2. HP: 18/21 MP: 3/3
   242 | D:1      | Learned a level 2 spell: Scorch
   256 | D:1      | Reached skill level 1 in Dodging
   493 | D:1      | Found a faded altar of an unknown god.
   613 | D:1      | Reached XP level 3. HP: 23/26 MP: 0/4
  1465 | D:2      | Reached XP level 4. HP: 29/31 MP: 5/5
  1917 | D:2      | You fall into a shaft and drop 1 floor!
  1971 | D:3      | Noticed Ijyb
  1978 | D:3      | Paralysed by Ijyb for 5 turns
  1983 | D:3      | Gained mutation: Your body sometimes deteriorates upon
                  | taking damage. [potion of mutation]
  1984 | D:3      | Paralysed by Ijyb for 4 turns
  1986 | D:3      | Slain by Ijyb

Illustrated notes

Levels and vault maps discovered:
D:1:      amcnicky_arrival_wind_blow, layout_loops_ring,
          nicolae_ecumenical_snake_handling
D:2:      layout_loops_ring, kennysheep_decorative_pillar
D:3:      layout_rooms, mainiacjoe_overflow_six_doors_small, lemuel_tele_altar,
          gammafunk_ghost_grave, roderic_filled_cross, serial_bayou_pond_d,
          uniq_terence, uniq_ijyb, uniq_robin

Skill      XL: |  1  2  3 |
---------------+----------+-----
Stealth        | 2 |  2.0
Dodging        | 2 3 |  3.7
Fighting       | |  3.0
Polearms       | |  3.0
Spellcasting   | |  1.0
Fire Magic     | |  3.0

Action                   |  1- 3 |  4- 6 || total
-------------------------+-------+-------++-------
Melee: Spear             |    95 |    45 ||   140
       Constrict         |    14 |     8 ||    22
       Tentacles         |    10 |     4 ||    14
       Punch             |     3 |       ||     3
 Cast: Scorch            |     3 |     4 ||     7
Invok: Fiery Armour      |     1 |     1 ||     2
  Use: Potion            |       |     1 ||     1
 Stab: Sleeping          |    14 |     3 ||    17
       Distracted        |       |     1 ||     1
Armor: Skin              |     4 |     1 ||     5
Dodge: Dodged            |    31 |    15 ||    46

Table legend: (Time is in decaauts)
 A = Elapsed time spent in this place.
 B = Non-inter-level travel time spent in this place.
 C = Inter-level travel time spent in this place.
 D = Time resting spent in this place.
 E = Time spent auto-exploring this place.
 F = Levels seen in this place.
 G = Mean time per level.
                   A        B        C        D        E       F      G
               +--------+--------+--------+--------+--------+-----+--------+
         Total |   1978 |   1942 |     36 |    572 |    836 |   3 |  659.3 |
       Dungeon |   1978 |   1942 |     36 |    572 |    836 |   3 |  659.3 |
               +--------+--------+--------+--------+--------+-----+--------+

Top non-repeatable levels by time:
     D:1: 1297 daAuts
     D:2: 612 daAuts
     D:3: 68 daAuts
